 Dungeon Crawl Stone Soup version 0.28.0-47-ge53b351184 (webtiles) character file.

Game seed: 14738160766831692819

1927 Zeld the Fighter (level 8, -4/77 HPs)
             Began as a Minotaur Berserker on Apr 29, 2022.
             Was a Priest of Trog.
             Slain by a gnoll sergeant
             ... wielding a +4 trident of venom
              (19 damage)
             ... on level 6 of the Dungeon.
             The game lasted 00:05:42 (7190 turns).

Zeld the Fighter (Minotaur Berserker)               Turns: 7190, Time: 00:05:43

Health: -4/77      AC:  2    Str: 25    XL:     8   Next: 96%
Magic:  7/7        EV: 13    Int:  4    God:    Trog [***...]
Gold:   137        SH:  0    Dex:  9    Spells: 7/7 levels left

rFire   . . .      SeeInvis .   a - +0 hand axe
rCold   . . .      Faith    .   (no shield)
rNeg    . . .      Spirit   .   b - +0 animal skin
rPois   .          Reflect  .   (helmet restricted)
rElec   .          Harm     .   (no cloak)
rCorr   .          Rampage  .   (no gloves)
Will    ++...                   (no boots)
Stlth   +.........              (no amulet)
HPRegen 1.22/turn               (no ring)
MPRegen 0.10/turn               (no ring)

@: strong-willed, regenerating
A: horns 2, retaliatory headbutt
a: Renounce Religion, Berserk, Trog's Hand


You were on level 6 of the Dungeon.
You worshipped Trog.
Trog was most pleased with you.
You visited 1 branch of the dungeon, and saw 8 of its levels.

You collected 305 gold pieces.
You spent 168 gold pieces at shops.

Inventory:

Hand Weapons
 a - a +0 hand axe (weapon)
Armour
 b - a +0 animal skin (worn)
Wands
 m - a wand of polymorph (6)
 r - a wand of flame (23)
 t - a wand of digging (2)
Scrolls
 d - a scroll of amnesia {unknown}
 f - a scroll of vulnerability {unknown}
 g - 2 scrolls of noise {unknown}
 i - a scroll of fear {unknown}
 k - 2 scrolls of teleportation {unknown}
 l - a scroll of blinking {unknown}
 n - a scroll of brand weapon {unknown}
 q - 4 scrolls of identify {unknown}
 s - a scroll of magic mapping {unknown}
 u - a scroll of immolation {unknown}
Potions
 c - 2 potions of haste {unknown}
 e - a potion of might {unknown}
 h - a potion of degeneration {unknown}
 j - a potion of mutation {unknown}
 o - 2 potions of attraction {unknown}
 p - 6 potions of curing
 v - a potion of invisibility {unknown}
 w - a potion of brilliance {unknown}
 x - a potion of cancellation {unknown}


   Skills:
 * Level 8.9 Fighting
 * Level 8.8 Axes
 + Level 6.1 Armour
 + Level 5.6 Dodging


You had 7 spell levels left.
You didn't know any spells.
Your spell library was empty.

Dungeon Overview and Level Annotations

Branches:
Dungeon (8/15)
 Temple: D:4-7         Lair: D:8-11

Altars:
Fedhas
Sif Muna
Uskayaw
The Shining One

Shops:
D:5 !


Innate Abilities, Weirdness & Mutations

You have a pair of horns on your head.
You reflexively headbutt those who attack you in melee.


Message History

The gnoll sergeant barely misses you. You furiously retaliate!
You headbutt the gnoll sergeant, but do no damage.
Things that are here:
a +0 club; a +0 cloak The gnoll sergeant blocks your attack.
The gnoll sergeant hits you with a +4 trident of venom!
You are poisoned.
You hit the gnoll sergeant but do no damage.
You headbutt the gnoll sergeant, but do no damage.
You feel very sick. The gnoll sergeant blocks your attack.
You feel very sick.
A gnoll comes into view. It is wielding a +0 halberd.
The gnoll sergeant hits you with a +4 trident of venom!
You are more poisoned.
You slash the gnoll sergeant!
The gnoll sergeant is moderately wounded.
You feel extremely sick.
The gnoll sergeant hits you with a +4 trident of venom!
* * * LOW HITPOINT WARNING * * *
You are more poisoned.
Your skin crawls.
You feel strong-willed.
* * * LOW HITPOINT WARNING * * *
You feel extremely sick.
The gnoll sergeant hits you with a +4 trident of venom!
* * * LOW HITPOINT WARNING * * *
You are more poisoned.
You feel better.
The gnoll sergeant hits you with a +4 trident of venom!
* * * LOW HITPOINT WARNING * * *
You are poisoned.
You feel very sick.
The gnoll sergeant hits you from afar with a +4 trident of venom.
* * * LOW HITPOINT WARNING * * *
You are lethally poisoned!
Okay, then.
You feel better.
The gnoll sergeant hits you from afar with a +4 trident of venom!!
You die...

######.#...##.#
#.#g#......
#........###
#.######## #g# #g#
#g# #)# #@#
##########.#
#####..........#
#..............#
#.###.###.###..#
.##.###)....# #..#
.....##.###.###.##
.# #..))).......#
.# #.##.#####..##


You could see a gnoll sergeant and 2 gnolls.

Vanquished Creatures
  Sigmund (D:6)
  A yak (D:8)
  A wyvern (D:8)
  A black bear (D:6)
  A hornet zombie (D:6)
  A centaur (D:6)
  A scorpion (D:6)
  2 bullfrogs (D:8)
  3 water moccasin skeletons
  5 wights
  A howler monkey (D:5)
  A centaur skeleton (D:7)
  A hound (D:5)
  A jelly (D:6)
  3 orc priests
  2 iguanas
  2 gnoll shamans
  An orc wizard (D:4)
  13 gnolls
  6 adders
  An ufetubus (D:5)
  2 worms (D:3)
  3 dart slugs
  23 orcs
  5 bats
  10 endoplasms
  2 giant cockroaches
  2 goblins
  4 hobgoblins
  4 kobolds
  3 quokkas
  2 ball pythons
  3 frilled lizards
  A jackal skeleton (D:4)
  9 rats
122 creatures vanquished.

Vanquished Creatures (others)
  18 fungi (D:8)
  13 plants (D:8)
31 creatures vanquished.

Grand Total: 153 creatures vanquished

Notes
Turn   | Place    | Note
-------+----------+-------------------------------------------
     0 | D:1      | Zeld the Minotaur Berserker began the quest for the Orb.
     0 | D:1      | Reached XP level 1. HP: 19/19 MP: 0/0
   130 | D:1      | Reached XP level 2. HP: 22/27 MP: 1/1
   476 | D:1      | Reached ** piety under Trog
  1086 | D:2      | Reached XP level 3. HP: 33/33 MP: 2/2
  1915 | D:3      | Reached XP level 4. HP: 20/41 MP: 3/3
  2191 | D:3      | Found a blossoming altar of Fedhas.
  2818 | D:3      | Found a faded altar of an unknown god.
  2939 | D:3      | Found a shimmering blue altar of Sif Muna.
  2942 | D:3      | Found a hide-covered altar of Uskayaw.
  2946 | D:3      | Found a glowing golden altar of the Shining One.
  3110 | D:4      | Reached skill level 5 in Fighting
  3110 | D:4      | Reached XP level 5. HP: 15/48 MP: 4/4
  3378 | D:4      | HP: 2/48 [iguana (9)]
  3380 | D:4      | Reached skill level 5 in Axes
  3755 | D:4      | Reached *** piety under Trog
  4306 | D:5      | Entered Level 5 of the Dungeon
  4383 | D:5      | Found Ezarav's Distillery.
  4386 | D:5      | Bought a potion of curing for 42 gold pieces
  4386 | D:5      | Bought a potion of curing for 42 gold pieces
  4386 | D:5      | Bought 2 potions of curing for 84 gold pieces
  4394 | D:5      | You fall into a shaft and drop 3 floors!
  4422 | D:8      | Reached XP level 6. HP: 5/56 MP: 5/5
  4583 | D:8      | Noticed a wyvern
  4592 | D:8      | Killed a wyvern
  4635 | D:8      | Noticed a yak
  4658 | D:8      | Killed a yak
  4659 | D:8      | Reached XP level 7. HP: 27/64 MP: 6/6
  5059 | D:7      | Reached skill level 5 in Armour
  5215 | D:6      | Noticed Sigmund
  5226 | D:6      | Killed Sigmund
  5227 | D:6      | Reached XP level 8. HP: 73/73 MP: 7/7
  5509 | D:6      | Reached skill level 5 in Dodging
  7190 | D:6      | Slain by a gnoll sergeant

Illustrated notes

Levels and vault maps discovered:
D:1:      amcnicky_arrival_choice, layout_loops_ring
D:2:      layout_loops_corners, serial_bayou_pond_a, corexii_leaking_fountain
D:3:      layout_rooms, fedhas_ov_isle_minmay, grunt_temple_overflow_diamond,
          shapermc_ecumenical_altar_mp_highgroup
D:4:      layout_basic
D:5:      layout_basic, serial_shops, nicolae_shop_behind_doors,
          minmay_door_square
D:6:      layout_loops_ring, lightli_temple_of_fire, uniq_sigmund
D:7:      layout_basic, temple_hall, minmay_crystal_water, uniq_joseph
D:8:      layout_loops_ring, grunt_lair_entry_orc_guard_hut,
          doesnt_shop_hydraphobe, uniq_maurice

Skill      XL: |  1  2  3  4  5  6  7  8 |
---------------+-------------------------+-----
Fighting       | 4 5 6 7 8 |  8.9
Axes           | 4 5 6 7 8 |  8.8
Armour         | 3 4 5 6 |  6.1
Dodging        | 3 4 5 |  5.6

Action                   |  1- 3 |  4- 6 |  7- 9 || total
-------------------------+-------+-------+-------++-------
Melee: Hand axe          |    68 |   126 |   154 ||   348
       Headbutt          |    11 |    17 |    23 ||    51
       Punch             |     1 |     2 |     1 ||     4
Invok: Berserk           |       |     3 |     3 ||     6
       Trog's Hand       |       |     1 |     1 ||     2
  Use: Potion            |       |       |     2 ||     2
 Stab: Sleeping          |     1 |       |       ||     1
Armor: Animal skin       |     9 |    14 |     6 ||    29
Dodge: Dodged            |    47 |    88 |   116 ||   251
